 Dungeon Crawl Stone Soup version 0.29.0-4-gdea44cf6ec (webtiles) character file.

Game seed: 16696539952844847766

62 qw the Chopper (level 4, -1/26 HPs)
             Began as a Tengu Warper on Aug 28, 2022.
             Succumbed to Sigmund's poison
             ... on level 3 of the Dungeon.
             The game lasted 00:00:09 (1639 turns).

qw the Chopper (Tengu Warper)                       Turns: 1639, Time: 00:00:09

Health: -1/26      AC:  5    Str: 14    XL:     4   Next: 8%
Magic:  8/8        EV: 11    Int: 13    God:
Gold:   81         SH:  0    Dex: 13    Spells: 7/7 levels left

rFire   + . .      SeeInvis .   Y - +1 hand axe
rCold   + . .      Faith    .   (no shield)
rNeg    . . .      Spirit   .   g - +0 ring mail
rPois   .          Reflect  .   (helmet restricted)
rElec   .          Harm     .   m - scarf {rC+ rF+}
rCorr   .          Rampage  .   (no gloves)
Will    .....                   (boots unavailable)
Stlth   ..........              (no amulet)
HPRegen 0.08/turn               (no ring)
MPRegen 0.11/turn               (no ring)

@: confused, lethally poisoned (-1 -> -13)
A: beak, talons 3
a: no special abilities


You were on level 3 of the Dungeon.
You visited 1 branch of the dungeon, and saw 3 of its levels.

You collected 81 gold pieces.


Innate Abilities, Weirdness & Mutations

You have a beak for a mouth.
You have claws for feet.


   Skills:
 - Level 2.0 Fighting
 + Level 4.7 Axes
 - Level 1.0 Throwing
 - Level 1.1 Armour
 - Level 2.1 Dodging
 - Level 2.0 Spellcasting
 - Level 2.4 Translocations


You had 7 spell levels left.
You didn't know any spells.
Your spell library contained the following spells:

 Spells                   Type           Power      Damage    Failure   Level
 Blink                    Tloc           14%        N/A       30%         2
 Gell's Gravitas          Tloc           7%         N/A       52%         3
 Lesser Beckoning         Tloc           7%         N/A       52%         3
 Teleport Other           Tloc           7%         N/A       52%         3
 Manifold Assault         Tloc           7%         N/A       99%         5

Inventory:

Hand Weapons
 h - a +0 whip
 Y - a +1 hand axe (weapon)
Armour
 g - a +0 ring mail (worn)
 m - a scarf of resistance (worn)
Scrolls
 a - 2 scrolls of identify
 j - a scroll of enchant armour
Potions
 d - a potion of mutation
 e - a potion of haste {unknown}
 f - a potion of lignification {unknown}
 l - a potion of might {unknown}
 n - a potion of curing {unknown}

Dungeon Overview and Level Annotations

Branches:
Dungeon (3/15)

Altars:

Annotations:
D:3 Sigmund


Message History

The worm is severely wounded.
The worm bites you but does no damage.
You hit the worm. You peck the worm.
You kill the worm!
You see here a worm corpse.
Sigmund the Dreaded comes into view.
He is wielding a +2 scythe of venom.
Sigmund closely misses you.
Sigmund hits you with a +2 scythe of venom!
You are poisoned.
You hit Sigmund.
Sigmund is lightly wounded.
You feel very sick.
You closely miss Sigmund. Your kick misses Sigmund. You peck Sigmund.
Sigmund is lightly wounded.
You feel sick. Sigmund barely misses you.
You hit Sigmund. Your kick misses Sigmund. You peck Sigmund, but do no damage.
Sigmund is moderately wounded.
You feel sick.
Sigmund hits you with a +2 scythe of venom!
You are more poisoned.
1634 ||| DRINKING potion of heal wounds.
You feel much better.
You feel very sick.
You barely miss Sigmund. You punch Sigmund, but do no damage.
Sigmund is moderately wounded.
You feel very sick.
Sigmund hits you with a +2 scythe of venom.
You are more poisoned.
You hit Sigmund. You claw Sigmund!
Sigmund is severely wounded.
You feel very sick. Sigmund gestures at you while chanting.
You are confused.
You bump into the rock wall.
You feel very sick. Sigmund barely misses you.
You bump into the rock wall.
You feel very sick.
You bump into the rock wall.
You die...

.###.# ...#.#
.#.#.#
.....###########
...............#
.#.#....#.####%#
##........# #.#
###.##.###
##.#####
####......#
#...@@.#
..........#
#..###.#
#####.....# #...
# #.....# #.##
#.....# #.
####### #. ##


You could see Sigmund.

Vanquished Creatures
  3 adders (D:2)
  A worm (D:3)
  2 endoplasms
  2 giant cockroaches
  2 goblins (D:1)
  2 hobgoblins
  5 jackals (D:2)
  A quokka (D:2)
  A ball python (D:2)
  5 bats
  A frilled lizard (D:1)
  3 kobolds
  3 rats
31 creatures vanquished.

Notes
Turn   | Place    | Note
-------+----------+-------------------------------------------
     0 | D:1      | qw the Tengu Warper began the quest for the Orb.
     0 | D:1      | Reached XP level 1. HP: 12/12 MP: 4/4
     0 | D:1      | 0 ||| qw: Version: 0.1-a-89-g26bdef1
     0 | D:1      | 0 ||| qw: Game counter: 3309
     0 | D:1      | 0 ||| qw: Always use a shield: true
     0 | D:1      | 0 ||| qw: God list: Okawaru
     0 | D:1      | 0 ||| qw: Allow faded altars: false
     0 | D:1      | 0 ||| qw: Do Orc after D:15 true
     0 | D:1      | 0 ||| qw: Do second Lair branch before Depths: true
     0 | D:1      | 0 ||| qw: Lair rune preference: random
     0 | D:1      | 0 ||| qw: Plans: Normal
     0 | D:1      | 0 ||| PLANNING D:1-11
   334 | D:1      | Reached XP level 2. HP: 17/17 MP: 6/6
   346 | D:1      | Reached skill level 3 in Axes
   710 | D:1      | 710 ||| UPGRADING to +0 ring mail.
   720 | D:1      | 720 ||| DROPPING +0 leather armour.
   721 | D:1      | 721 ||| READING 4 scrolls labelled KOEDIS PUAL.
   722 | D:1      | 722 ||| READING scroll labelled YLUCSA XOEKA.
   723 | D:1      | 723 ||| READING scroll labelled ISIHAE ROGIO.
   724 | D:1      | 724 ||| READING scroll labelled BEMOCR JEHU.
   727 | D:1      | 727 ||| READING 3 scrolls of identify.
   727 | D:1      | 727 ||| IDENTIFYING viscous red potion
   728 | D:1      | 728 ||| READING 2 scrolls of identify.
   728 | D:1      | 728 ||| IDENTIFYING coppery potion
   729 | D:1      | 729 ||| DROPPING scroll of blinking.
   925 | D:2      | Reached XP level 3. HP: 9/21 MP: 7/7
  1175 | D:2      | 1175 ||| Stepping ~*~*~tactically~*~*~ (stealth).
  1184 | D:2      | Reached skill level 4 in Axes
  1447 | D:2      | 1447 ||| Stepping ~*~*~tactically~*~*~ (stealth).
  1517 | D:2      | 1517 ||| UPGRADING to scarf of resistance.
  1522 | D:2      | 1522 ||| READING scroll labelled NIDU YNGUYN.
  1523 | D:2      | 1523 ||| READING scroll labelled NOLEED NAX.
  1524 | D:2      | 1524 ||| READING 2 scrolls of identify.
  1524 | D:2      | 1524 ||| IDENTIFYING viscous dark potion
  1525 | D:2      | 1525 ||| DROPPING potion of flight.
  1587 | D:3      | Reached XP level 4. HP: 26/26 MP: 8/8
  1628 | D:3      | Noticed Sigmund
  1633 | D:3      | HP: 2/26 [Sigmund/+2 scythe of venom (10)]
  1634 | D:3      | 1634 ||| DRINKING potion of heal wounds.
  1638 | D:3      | HP: 2/26 [poisoned by Sigmund]
  1639 | D:3      | Succumbed to Sigmund's poison

Levels and vault maps discovered:
D:1:      psy_arrival_wood_between_worlds, layout_basic
D:2:      layout_rooms, minmay_surrounded
D:3:      minmay_door_path, layout_loops_cross, grunt_qazlal_clouds,
          uniq_sigmund

Skill      XL: |  1  2  3 |
---------------+----------+-----
Axes           | 3 4 |  4.7
Fighting       | |  2.0
Throwing       | |  1.0
Armour         | |  1.1
Dodging        | |  2.1
Spellcasting   | |  2.0
Translocations | |  2.4

Action                   |  1- 3 |  4- 6 || total
-------------------------+-------+-------++-------
Melee: Hand axe          |    69 |    10 ||    79
       Peck              |     7 |     4 ||    11
       Kick              |    11 |     2 ||    13
       Punch             |       |     1 ||     1
Throw: Boomerang         |     7 |       ||     7
  Use: Scroll            |     9 |       ||     9
       Potion            |       |     1 ||     1
 Stab: Distracted        |     1 |       ||     1
Armor: Ring mail         |    25 |     1 ||    26
       Leather armour    |     1 |       ||     1
Dodge: Dodged            |    51 |     3 ||    54

Table legend:
 A = Non-vault XP
 B = Vault XP
 C = Vault XP percentage of total XP
 D = Non-vault monster count
 E = Vault monster count
 F = Vault count percentage of total count
                 A         B        C        D         E       F
            +---------+---------+-------+---------+---------+-------
      Total |      71 |      18 |  20.2 |      27 |       4 |  12.9
            +---------+---------+-------+---------+---------+-------
        D:1 |      14 |       0 |   0.0 |       9 |       0 |   0.0
        D:2 |      47 |      18 |  27.7 |      14 |       4 |  22.2
        D:3 |      10 |       0 |   0.0 |       4 |       0 |   0.0
            +---------+---------+-------+---------+---------+-------
